 Dungeon Crawl Stone Soup version 0.24.0-37-gcf1ca852f1 (webtiles) character file.

Game seed: 349622004659958336, levelgen mode: deterministic

49214 Froggeryz the Bludgeoner (level 14, -5/92 HPs)
             Began as a Gargoyle Monk on Dec 5, 2019.
             Was the Champion of Okawaru.
             Slain by Snorg (21 damage)
             ... on level 5 of the Lair of Beasts.
             The game lasted 00:31:15 (18915 turns).

Froggeryz the Bludgeoner (Gargoyle Monk)           Turns: 18915, Time: 00:31:17

Health: -5/92      AC: 34    Str: 19    XL:     14   Next: 49%
Magic:  18/18      EV:  8    Int: 14    God:    Okawaru [******]
Gold:   874        SH:  3    Dex: 12    Spells: 13/13 levels left

rFire    . . .     SeeInvis .   t - +2 great mace (drain)
rCold    . . .     Gourm    .   (shield currently unavailable)
rNeg     + . .     Faith    .   D - +8 chain mail of Submission {-Cast rCorr Int+2}
rPois    ∞         Spirit   .   g - +2 hat {MR+}
rElec    +         Reflect  +   (no cloak)
rCorr    +         Harm     .   (no gloves)
MR       +++..     NoCast   +   (no boots)
Stlth    ..........             K - +3 amulet of reflection
HPRegen  0.25/turn              m - +5 ring of protection
MPRegen  0.16/turn              z - ring of protection from magic

@: very slow
A: big wings, negative energy resistance 1, electricity resistance, unbreathing,
petrification resistance, rot immunity, AC +10
a: Fly, Heroism, Finesse, Renounce Religion


You were on level 5 of the Lair of Beasts.
You worshipped Okawaru.
Okawaru was exalted by your worship.
You were hungry.

You visited 3 branches of the dungeon, and saw 17 of its levels.
You also visited: Bailey and Ice Cave.

You collected 1068 gold pieces.
You spent 194 gold pieces at shops.

Inventory:

Hand Weapons
 t - a +2 great mace of draining (weapon)
 v - a +2 flail of protection
 M - a +6 executioner's axe of freezing
 N - a +2 great mace of protection
Missiles
 h - 27 boomerangs
 y - a throwing net
 G - 2 curare-tipped darts (quivered)
Armour
 g - a +2 hat of magic resistance (worn)
 D - the +8 chain mail of Submission (worn) {-Cast rCorr Int+2}
   (You found it on level 7 of the Dungeon)

   It affects your intelligence (+2).
   It prevents spellcasting.
   It provides partial protection from all sources of acid and corrosion.
 J - a +1 helmet of see invisible
Jewellery
 m - a +5 ring of protection (left hand)
 n - an uncursed ring of ice
 z - a ring of protection from magic (right hand)
 B - a +1 ring of evasion
 K - a +3 amulet of reflection (around neck)
Wands
 f - a wand of enslavement (9)
 w - a wand of random effects (40)
 x - a wand of flame (19)
 A - a wand of scattershot (7)
 H - a wand of iceblast (12)
Scrolls
 b - 7 scrolls of remove curse
 i - 2 scrolls of immolation
 k - 12 scrolls of teleportation
 l - a scroll of summoning
 o - 7 scrolls of magic mapping
 p - 5 scrolls of enchant armour
 q - a scroll of fog
 r - 11 scrolls of identify
 s - 4 scrolls of blinking
 u - 2 scrolls of amnesia
 F - 5 scrolls of enchant weapon
Potions
 a - 2 potions of resistance
 d - 6 potions of curing
 e - 6 potions of haste
 E - a potion of brilliance {unknown}
 L - a potion of might
 O - a potion of mutation {unknown}
Comestibles
 c - 26 rations
 I - 3 chunks of flesh


   Skills:
 - Level 12.2 Fighting
 + Level 19.2 Maces & Flails
 - Level 4.0 Armour
 - Level 2.4 Dodging
 - Level 2.1 Stealth
 - Level 2.0 Invocations
 - Level 5.6 Evocations


You had 13 spell levels left.
You didn't know any spells.
Your spell library contained the following spells:

 Spells                   Type           Power        Failure   Level  Hunger
 Animate Skeleton         Necr           N/A          97%         1    ##.....
 Beastly Appendage        Tmut           #.....       97%         1    ##.....
 Magic Dart               Conj           #...         97%         1    ##.....
 Pain                     Necr           #...         97%         1    ##.....
 Summon Butterflies       Summ           #.......     97%         1    ##.....
 Summon Small Mammal      Summ           #...         97%         1    ##.....
 Call Imp                 Summ           #.......     99%         2    ###....
 Searing Ray              Conj           #.....       99%         2    ###....
 Sticks to Snakes         Tmut           #.......     99%         2    ###....
 Call Canine Familiar     Summ           #.......     100%        3    ####...
 Dazzling Spray           Conj/Hex       #.....       100%        3    ####...
 Regeneration             Chrm/Necr      #.........   100%        3    ####...
 Spider Form              Tmut/Pois      #.........   100%        3    ####...
 Summon Guardian Golem    Hex/Summ       #.......     100%        3    ####...
 Vampiric Draining        Necr           #.........   100%        3    ####...
 Animate Dead             Necr           N/A          100%        4    #####..
 Force Lance              Conj/Tloc      #.......     100%        4    #####..
 Fulminant Prism          Conj/Hex       #.........   100%        4    #####..
 Ice Form                 Ice/Tmut       #.......     100%        4    #####..
 Iskenderun's Mystic Bla  Conj           #.......     100%        4    #####..
 Summon Ice Beast         Ice/Summ       #.......     100%        4    #####..
 Summon Lightning Spire   Summ/Air       #.......     100%        4    #####..
 Blade Hands              Tmut           #.........   100%        5    ######.
 Summon Mana Viper        Hex/Summ       #.......     100%        5    ######.
 Summon Hydra             Summ           #.........   100%        7    #######


Dungeon Overview and Level Annotations

Branches:
Dungeon (11/15)            Temple (1/1) D:5            Lair (5/6) D:11
 Shoals (0/4) Lair:3       Spider (0/4) Lair:2       Bailey (visited)
  IceCv (visited)
  Slime: Lair:5-6       Orc: D:9-12

Altars:
Ashenzari
Cheibriados
Dithmenos
Elyvilon
Fedhas
Gozag
Hepliaklqana
Kikubaaqudgha
Makhleb
Nemelex Xobeh
Okawaru
Qazlal
Ru
Sif Muna
Trog
Uskayaw
Vehumet
Wu Jian
Xom
Yredelemnul
Zin
The Shining One

Shops:
D:6 [*(=*   D:9 }   D:10 =

Annotations:
D:8 1 runed translucent door, jaiteiro's ghost, novice DrAE
Lair:5 Snorg


Innate Abilities, Weirdness & Mutations

You are resistant to torment.
Your stone body is resilient. (AC +10)
You are immune to poison.
Your large and strong wings let you fly indefinitely.
You resist negative energy. (rN+)
You are resistant to electric shocks. (rElec)
You can survive without breathing.
You are immune to petrification.
You are immune to rotting.


Message History

Snorg claws you.
* * * LOW HITPOINT WARNING * * *
The bullfrog hits you.
* * * LOW HITPOINT WARNING * * *
The elephant tramples you.
* * * LOW HITPOINT WARNING * * *
You stumble backwards!
Splash!
You fall into the shallow water.
Moving in this stuff is going to be slow.
You stop ascending the stairs.
Unknown command.
Unknown command.
As you read the scroll of fear, it crumbles to dust.
You assume a fearsome visage.
The rime drake looks frightened!
The yak looks frightened! x5; The elephant looks frightened! x2
The bullfrog looks frightened!
The dream sheep looks frightened!
The dream sheep panics and turns to flee.
The spiny frog looks frightened!
Snorg bites you!!
You die...

.................
.......Y..........
......≈≈≈≈Y.......
.....≈Y≈≈≈≈≈......
.....≈≈≈≈≈≈Y≈.....
.....≈≈≈≈≈≈≈≈≈....
.....≈≈≈≈≈≈≈≈≈....
>.....≈@.≈≈≈≈≈....
......FTY..≈≈.....
......Y[F..≈......
..........Y.......
.......k.#Y.......
.........#........
.......#..........
......###.........
...... #..Y.......


You could see Snorg (berserk), 2 elephants, 5 yaks, a spiny frog (fleeing), a
rime drake (fleeing), a bullfrog (fleeing) and a dream sheep (fleeing).

Vanquished Creatures
  Gastronok (D:8)
  A catoblepas (Lair:4)
  2 hydras
  Erica (D:9)
  2 two-headed ogres
  Urug (Lair:5)
  Sonja (D:10)
  An unseen horror (D:10)
  Pikel (D:8)
  An orb spider (Lair:2)
  2 orc knights (Bailey)
  3 ugly things
  A manticore (D:11)
  13 elephants
  3 ice statues (IceCv)
  Joseph (D:7)
  A centaur skeleton (D:9)
  12 spiny frogs
  Psyche (D:9)
  3 komodo dragons
  A rime drake (Lair:4)
  A troll (D:10)
  8 blink frogs
  4 hippogriffs
  4 water elementals (D:10)
  22 yaks
  2 basilisks
  3 hungry ghosts (D:10)
  18 water moccasins
  22 orc warriors
  3 black bears
  9 porcupines
  8 ice beasts
  A slave (D:8)
  A necrophage (D:9)
  2 eyes of draining (D:10)
  6 wolves (Lair:3)
  3 centaurs
  6 ogres
  8 crocodiles
  A big kobold (D:11)
  14 bullfrogs
  3 scorpions
  9 killer bees
  A howler monkey (D:6)
  2 electric eels
  3 crimson imps
  A bullfrog zombie (D:11)
  2 centaur zombies
  2 quasits
  2 jellies
  17 orc priests
  7 hounds
  9 orc wizards
  5 bullfrog skeletons
  3 iguanas
  3 worker ants
  A hound zombie (D:10)
  4 hound skeletons
  17 adders
  2 shadow imps
  2 adder skeletons
  2 worms
  5 dart slugs
  5 leopard geckos
  78 orcs
  4 giant cockroaches
  9 hobgoblins
  6 jackals
  4 quokkas
  6 bats
  2 frilled lizards
  8 goblins
  2 jackal skeletons
  10 kobolds
  A leopard gecko skeleton (D:6)
  4 rats
  A fungus (D:11)
441 creatures vanquished.

Vanquished Creatures (others)
  An adder (D:9)
  An orc (D:8)
  13 fungi
  5 plants
20 creatures vanquished.

Grand Total: 461 creatures vanquished

Notes
Turn   | Place    | Note
-------+----------+-------------------------------------------
     0 | D:1      | Froggeryz the Gargoyle Monk began the quest for the Orb.
     0 | D:1      | Reached XP level 1. HP: 14/14 MP: 1/1
   432 | D:1      | Reached XP level 2. HP: 19/19 MP: 2/2
   922 | D:2      | Reached skill level 1 in Armour
   922 | D:2      | Reached XP level 3. HP: 23/23 MP: 3/3
   927 | D:2      | Reached skill level 4 in Maces & Flails
  1223 | D:2      | Reached XP level 4. HP: 23/28 MP: 4/4
  1701 | D:3      | Found a blossoming altar of Fedhas.
  1852 | D:3      | Reached XP level 5. HP: 24/32 MP: 5/5
  1863 | D:3      | Reached skill level 5 in Maces & Flails
  2444 | D:3      | Reached XP level 6. HP: 24/37 MP: 6/6
  2877 | D:4      | Reached skill level 6 in Maces & Flails
  3123 | D:4      | Reached XP level 7. HP: 36/41 MP: 7/7
  3415 | D:4      | Found an ornate altar of the Wu Jian Council.
  4061 | D:5      | Entered Level 5 of the Dungeon
  4140 | D:5      | Reached skill level 7 in Maces & Flails
  4266 | D:5      | Found a staircase to the Ecumenical Temple.
  4271 | Temple   | Entered the Ecumenical Temple
  4312 | Temple   | Became a worshipper of Warmaster Okawaru
  4312 | Temple   | Reached * piety under Okawaru
  4312 | Temple   | Reached ** piety under Okawaru
  4841 | D:6      | Reached XP level 8. HP: 44/48 MP: 8/8
  4884 | D:6      | Found a bloodstained altar of Trog.
  4898 | D:6      | Reached skill level 8 in Maces & Flails
  4901 | D:6      | Found Maupe's General Store.
  5640 | D:5      | Reached skill level 5 in Fighting
  5935 | D:6      | Bought a potion of might for 56 gold pieces
  5935 | D:6      | Bought a scroll of blinking for 105 gold pieces
  5988 | D:6      | Found a radiant altar of Vehumet.
  6060 | D:6      | Found Sayrufon's Weapon Shoppe.
  6080 | D:6      | Reached skill level 9 in Maces & Flails
  6119 | D:6      | Found Ruyd Bio's Armour Shop.
  6610 | D:6      | Found Araowataq's Jewellery Shop.
  6640 | D:6      | Reached *** piety under Okawaru
  6647 | D:6      | Bought a +1 ring of evasion for 33 gold pieces
  6711 | D:6      | Reached skill level 10 in Maces & Flails
  6711 | D:6      | Reached XP level 9. HP: 41/54 MP: 9/9
  6713 | D:6      | Found Umnysut's General Store.
  6865 | D:7      | Got an ichor-stained chain mail
  6867 | D:7      | Identified the +8 chain mail of Submission {-Cast rCorr
                  | Int+2} (You found it on level 7 of the Dungeon)
  6898 | D:7      | Noticed Joseph
  6996 | D:7      | Killed Joseph
  6996 | D:7      | Reached skill level 11 in Maces & Flails
  7229 | D:7      | Reached **** piety under Okawaru
  7711 | D:7      | Reached skill level 12 in Maces & Flails
  7829 | D:7      | Got a pair of spiked gloves
  7830 | D:7      | Identified the +1 pair of gloves of Absolutism {*Slow rElec
                  | Str+5} (You found it on level 7 of the Dungeon)
  8426 | D:8      | Noticed Gastronok
  8601 | D:7      | Reached XP level 10. HP: 59/60 MP: 10/10
  8732 | D:8      | Killed Gastronok
  8732 | D:8      | Reached ***** piety under Okawaru
  8732 | D:8      | Reached skill level 13 in Maces & Flails
  8946 | D:8      | Noticed Pikel
  8977 | D:8      | Killed Pikel
  8977 | D:8      | Reached skill level 14 in Maces & Flails
  9118 | D:8      | Found a runed translucent door.
  9122 | D:8      | Noticed jaiteiro's ghost (novice DrAE)
  9617 | D:9      | Found a glowing silver altar of Zin.
  9735 | D:9      | Noticed Erica
  9762 | D:9      | Killed Erica
  9762 | D:9      | Received a gift from Okawaru
  9762 | D:9      | Reached XP level 11. HP: 61/64 MP: 11/11
  9875 | D:9      | Noticed Psyche
  9890 | D:9      | Killed Psyche
  9890 | D:9      | Reached skill level 15 in Maces & Flails
  9965 | D:9      | Found Uteh's Gadget Boutique.
 10003 | D:9      | Found a hide-covered altar of Uskayaw.
 10004 | D:9      | Found an opulent altar of Gozag.
 10071 | D:9      | Found a white marble altar of Elyvilon.
 10072 | D:9      | Found a burning altar of Makhleb.
 10075 | D:9      | Found a bloodstained altar of Trog.
 10386 | D:10     | Entered Level 10 of the Dungeon
 10717 | D:10     | Killed an unseen horror
 10738 | D:10     | Reached skill level 16 in Maces & Flails
 10760 | D:10     | Found Ejorchaung's Jewellery Boutique.
 10859 | D:10     | Noticed a two-headed ogre
 10875 | D:10     | Killed a two-headed ogre
 10990 | D:10     | Reached ****** piety under Okawaru
 11204 | D:10     | Noticed Sonja
 11254 | D:10     | Killed Sonja
 11426 | D:11     | Found a flagged portal.
 11433 | Bailey   | Entered a bailey
 12035 | Bailey   | Reached skill level 17 in Maces & Flails
 12146 | Bailey   | Noticed an orc knight
 12188 | Bailey   | Reached skill level 10 in Fighting
 12188 | Bailey   | Reached XP level 12. HP: 78/78 MP: 12/12
 12196 | Bailey   | Received a gift from Okawaru
 12214 | Bailey   | Reached XP level 13. HP: 68/83 MP: 13/13
 12215 | Bailey   | Got a crude helmet {god gift}
 12230 | Bailey   | Identified the +0 helmet "Ubly" {*Corrode rF+ Stlth+}
                  | (Okawaru gifted it to you in a bailey)
 12605 | D:11     | Found a staircase to the Lair.
 13319 | Lair:1   | Entered Level 1 of the Lair of Beasts
 13351 | Lair:1   | Reached skill level 18 in Maces & Flails
 13417 | Lair:1   | Reached skill level 1 in Evocations
 14574 | Lair:2   | Found a hole to the Spider Nest.
 15499 | Lair:3   | You fall into a shaft and drop 1 floor!
 15723 | Lair:3   | Found a staircase to the Shoals.
 15763 | Lair:3   | Found a frozen archway.
 15786 | Lair:3   | Reached skill level 5 in Evocations
 15792 | IceCv    | Entered an ice cave
 16657 | Lair:3   | Received a gift from Okawaru
 16657 | Lair:3   | Gained mutation: Your large and strong wings let you fly
                  | indefinitely. [Gargoyle growth]
 16657 | Lair:3   | Reached XP level 14. HP: 53/92 MP: 18/18
 16661 | Lair:3   | Reached skill level 1 in Invocations
 17875 | Lair:4   | Reached skill level 19 in Maces & Flails
 17894 | Lair:4   | Received a gift from Okawaru
 18673 | Lair:5   | Noticed Urug
 18689 | Lair:5   | Killed Urug
 18697 | Lair:5   | Noticed Snorg
 18915 | Lair:5   | Slain by Snorg

Levels and vault maps discovered:
D:1:      dpeg_arrival_pits, layout_basic
D:2:      layout_loops_cross
D:3:      minmay_bubble_buster, layout_loops_ring, fedhas_ov_isle_minmay
D:4:      layout_basic, kennysheep_mini_moat, serial_corexii_hall,
          corexii_hall_statues_i, corexii_hall_statues_u, first_ration,
          solitary_fountain
D:5:      layout_gridville, temple_doors_e
D:6:      layout_loops_cross, kennysheep_little_box, basic_altar, serial_shops,
          nicolae_shop_statue_plus, shop_statue, shop, shop, shop_coins
D:7:      cheibrodos_iron_armory, layout_basic, uniq_joseph
D:8:      layout_loops_corners, ebering_ghost_reflecting_pool, uniq_pikel,
          uniq_gastronok
D:9:      layout_irregular_city, zin_academy, minitemple, serial_shops, shop,
          grunt_pizzeria, uniq_erica, uniq_psyche
D:10:     layout_loops_ring, serial_shops, nicolae_shop_behind_doors,
          roderic_roman_lattice, nicolae_underground_beach, uniq_sonja
D:11:     layout_roguey, due_lair_maze_entry_diamond, enter_bailey_2,
          lemuel_flamethrower_hall
Temple:   nicolae_temple_god_jail
Lair:1:   layout_long_grid, beast_lair_carwin_1
Lair:2:   layout_regular_city, nicolae_spider_entry_orb_guardian, minivault_23,
          serial_bayou_shore_a, grunt_megastairs_1
Lair:3:   layout_loops_ring, elwin_shoals_entry_rocks,
          portal_ice_cave_entry_pillars_2, chequers_serial_rivers_micro_a
Lair:4:   layout_loops_ring
Lair:5:   layout_hall_layers, slime_altar_1, infiniplex_staircase_pool,
          uniq_urug, uniq_snorg

Skill      XL: |  1  2  3  4  5  6  7  8  9 10 11 12 13 14 |
---------------+-------------------------------------------+-----
Armour         | 1 2 3 4 |  4.0
Maces & Flails | 4 5 6 7 10 12 14 17 18 19 | 19.2
Fighting       | 4 5 10 12 | 12.2
Evocations     | 5 |  5.6
Invocations    | 2 |  2.0
Dodging        | |  2.4
Stealth        | |  2.1

Action                   |  1- 3 |  4- 6 |  7- 9 | 10-12 | 13-15 || total
-------------------------+-------+-------+-------+-------+-------++-------
Melee: Mace              |    80 |   194 |       |       |       ||   274
       Flail             |       |    52 |   547 |   711 |   713 ||  2023
       Great mace        |       |       |       |       |   319 ||   319
Throw: Javelin           |       |       |     5 |     1 |       ||     6
       Dart              |       |       |       |     5 |     1 ||     6
       Boomerang         |       |       |       |     1 |       ||     1
Invok: Heroism           |       |       |       |     1 |       ||     1
Evoke: Wand              |       |       |     3 |     5 |    18 ||    26
  Use: Potion            |       |     1 |     3 |     7 |     6 ||    17
       Scroll            |       |     3 |     3 |       |    11 ||    17
 Stab: Invisible         |       |       |       |     4 |       ||     4
       Petrified         |       |       |       |       |     3 ||     3
       Paralysed         |       |       |       |       |     2 ||     2
  Eat: Chunk             |     1 |     7 |    17 |    15 |    19 ||    59
       Ration            |       |       |       |     1 |     1 ||     2
Armor: Scale mail        |    42 |   155 |   170 |       |       ||   367
       Robe              |     1 |       |       |       |       ||     1
       Chain mail        |       |       |   210 |   531 |   884 ||  1625
Dodge: Dodged            |    57 |   148 |   218 |   267 |   345 ||  1035
Block: Other             |       |       |       |       |    85 ||    85
